 Dungeon Crawl Stone Soup version 0.26-a0-812-g31a745ddcd (webtiles) character file.

Game seed: 13023484875403576855

18757 Flubbersnuff the Severer (level 12, 0/106 HPs)
             Began as a Minotaur Berserker on July 16, 2020.
             Was a High Priest of Trog.
             Slain by a wolf (2 damage)
             ... on level 4 of the Lair of Beasts on Dec 2, 2020.
             The game lasted 01:06:10 (14923 turns).

Flubbersnuff the Severer (Minotaur Berserker)      Turns: 14923, Time: 01:06:11

Health: 0/106      AC: 16    Str: 26      XL:     12   Next: 30%
Magic:  9/9        EV:  9    Int:  3 (4)  God:    Trog [*****.]
Gold:   741        SH:  5    Dex: 11      Spells: 11/11 levels left

rFire    + . .     SeeInvis .   D - +5 battleaxe "Uqiwn" {flame, rN+}
rCold    + + .     Faith    .   (shield currently unavailable)
rNeg     + . .     Spirit   .   f - +0 chain mail
rPois    .         Reflect  +   (helmet restricted)
rElec    .         Harm     .   (no cloak)
rCorr    .         Rampage  .   y - +1 pair of gloves
MR       .....                  b - +0 pair of boots
Stlth    ..........             s - amulet of reflection
HPRegen  0.27/turn              q - ring of protection from fire
MPRegen  0.11/turn              r - ring of protection from cold

@: berserk cooldown, slowed, studying Axes, very slow
A: retaliatory headbutt, horns 2, cold resistance 1, deterioration 1, low mp 1,
MP-powered wands
a: Berserk, Trog's Hand, Brothers in Arms, Renounce Religion


You were on level 4 of the Lair of Beasts.
You worshipped Trog.
Trog was extremely pleased with you.
You visited 3 branches of the dungeon, and saw 14 of its levels.
You also visited: Ossuary.

You collected 741 gold pieces.

Inventory:

Hand Weapons
 a - a +7 broad axe of electrocution
 u - a -1 vorpal spear
 D - the +5 battleaxe "Uqiwn" (weapon) {flame, rN+}
   (Trog gifted it to you on level 10 of the Dungeon)

   It has been specially enchanted to burn those struck by it, causing extra
   injury to most foes and up to half again as much damage against particularly
   susceptible opponents.
   Big, fiery blades are also staple armaments of hydra-hunters.
   It protects you from negative energy.
Armour
 b - a +0 pair of boots (worn)
 f - a +0 chain mail (worn)
 m - a +0 kite shield
 y - a +1 pair of gloves (worn)
Jewellery
 q - a ring of protection from fire (left hand)
 r - a ring of protection from cold (right hand)
 s - an amulet of reflection (around neck)
 A - a cursed -4 ring of strength
Wands
 o - a wand of digging (5)
 C - a wand of iceblast (13)
Scrolls
 d - 2 scrolls of identify
 h - 4 scrolls of magic mapping
 j - 2 scrolls of enchant armour
 k - 3 scrolls of fog
 p - 2 scrolls of remove curse
 t - 4 scrolls of teleportation
 B - a scroll of blinking
Potions
 e - 5 potions of curing
 g - 5 potions of might
 i - a potion of attraction {unknown}
 l - 2 potions of haste
 n - a potion of resistance
 v - 4 potions of lignification
 w - 3 potions of heal wounds
 x - a potion of berserk rage
 E - a potion of ambrosia {unknown}
Books
 z - a manual of Axes
Comestibles
 c - 38 removed foods


   Skills:
 + Level 10.2 Fighting
 + Level 16.0 Axes
 + Level 12.3 Armour
 - Level 2.1 Dodging
 + Level 11.8 Shields


You had 11 spell levels left.
You didn't know any spells.
Your spell library was empty.

Dungeon Overview and Level Annotations

Branches:
Dungeon (10/15)            Temple (1/1) D:5            Lair (2/6) D:8
Ossuary (visited)
  Swamp: Lair:2-4    Shoals: Lair:2-4     Snake: Lair:2-4    Spider: Lair:2-4
    Orc: D:9-12

Altars:
Ashenzari
Cheibriados
Dithmenos
Elyvilon
Fedhas
Gozag
Hepliaklqana
Kikubaaqudgha
Makhleb
Nemelex Xobeh
Okawaru
Qazlal
Ru
Sif Muna
Trog
Uskayaw
Vehumet
Wu Jian
Xom
Yredelemnul
Zin
The Shining One

Shops:
D:5 *


Innate Abilities, Weirdness & Mutations

You reflexively headbutt those who attack you in melee.
You have a pair of horns on your head.
Your flesh is cold resistant. (rC+)
Your body sometimes deteriorates upon taking damage.
Your magical capacity is low. (-10% MP)
You expend magic power (3 MP) to strengthen your wands.


Message History

The cane toad stings you but does no damage.
The wolf bites you.
* * * LOW HITPOINT WARNING * * *
The wolf closely misses you. The black mamba bites you!
* * * LOW HITPOINT WARNING * * *
The black mamba barely misses you.
The wolf moves out of view.
You feel better.
The wolf howls!
You hear a howl! x4
The wolf bites you but does no damage. The wolf bites you.
* * * LOW HITPOINT WARNING * * *
You block the wolf's attack.
A wolf comes into view.
The black mamba bites you.
* * * LOW HITPOINT WARNING * * *
The black mamba bites you but does no damage.
The wolf closely misses you. You furiously retaliate!
You headbutt the wolf! The cane toad stings you.
* * * LOW HITPOINT WARNING * * *
The wolf barely misses you. The wolf bites you.
You die...

###.#......
##...PP....##
##P.....P†††.# .
#.......P†..# ..
............# ..
............#.#
#.#...........#..
#......F........
#.#.....S@h......
#......hShh..P##
###.....#.hh..#
##........h##
#....#....h.#
#..........hh.
#....#....h..h
##..?#......hh


You could see 2 black mambas, a cane toad and 14 wolves.

Vanquished Creatures
  4 hydras
  A two-headed ogre (D:9)
  Urug (D:10)
  2 centaur skeletons (D:10)
  A cane toad (Lair:1)
  A rime drake (Lair:2)
  9 polar bears
  5 ghosts (D:10)
  Grinder (D:3)
  A removed hippogriff (D:6)
  A hog (D:10)
  A shadow (D:8)
  A wraith (D:10)
  17 yaks
  Grum (D:10)
  A basilisk (D:8)
  5 water moccasins
  2 removed porcupines (D:8)
  3 ice beasts
  2 orc warriors
  5 black bears
  2 sky beasts
  7 ogres
  2 phantoms
  14 wolves
  A centaur (D:6)
  3 removed crocodiles (D:8)
  3 big kobolds
  3 bullfrogs
  13 scorpions
  A wyvern skeleton (D:10)
  9 killer bees
  5 wights (D:8)
  2 electric eels (D:10)
  A bullfrog zombie (D:6)
  2 centaur zombies (Ossuary)
  2 lava snakes (Lair:1)
  3 hounds
  4 human zombies (Ossuary)
  11 orc priests
  2 bullfrog skeletons
  10 orc wizards
  5 iguanas
  6 worker ants
  A big kobold zombie (Ossuary)
  3 mummies (Ossuary)
  2 howler monkey zombies
  4 gnolls
  5 scorpion zombies (Ossuary)
  12 adders
  2 shadow imps
  4 white imps
  2 ufetubi
  2 oozes
  An adder zombie (D:7)
  A worm (D:2)
  4 dart slugs
  4 leopard geckos
  38 orcs
  9 bats
  4 giant cockroaches
  10 goblins
  10 hobgoblins
  7 jackals (D:4)
  19 kobolds
  4 quokkas
  5 ball pythons
  7 frilled lizards
  3 goblin zombies (Ossuary)
  3 hobgoblin zombies (Ossuary)
  2 kobold zombies (Ossuary)
  A quokka skeleton (D:8)
  8 rats
  2 plants (D:8)
355 creatures vanquished.

Vanquished Creatures (others)
  A kobold (D:10)
  A bush (D:8)
  8 fungi
  11 plants
21 creatures vanquished.

Grand Total: 376 creatures vanquished

Notes
Turn   | Place    | Note
-------+----------+-------------------------------------------
     0 | D:1      | Flubbersnuff the Minotaur Berserker began the quest for the
                  | Orb.
     0 | D:1      | Reached XP level 1. HP: 19/19 MP: 0/0
   293 | D:1      | Reached skill level 4 in Axes
   361 | D:1      | Reached XP level 2. HP: 21/26 MP: 1/1
   887 | D:2      | Reached XP level 3. HP: 29/31 MP: 2/2
   966 | D:2      | Reached ** piety under Trog
   966 | D:2      | Reached skill level 5 in Axes
  1099 | D:2      | Reached XP level 4. HP: 35/39 MP: 3/3
  1559 | D:2      | Found a burning altar of Makhleb.
  2068 | D:3      | Noticed Grinder
  2077 | D:3      | Killed Grinder
  2077 | D:3      | Reached skill level 6 in Axes
  2077 | D:3      | Reached XP level 5. HP: 14/45 MP: 4/4
  2077 | D:3      | Reached XP level 6. HP: 16/51 MP: 5/5
  2329 | D:3      | Found a basalt altar of Yredelemnul.
  2398 | D:3      | Found a shimmering altar of Xom.
  2469 | D:3      | Reached skill level 7 in Axes
  2819 | D:3      | Reached *** piety under Trog
  2947 | D:3      | Found a snail-covered altar of Cheibriados.
  3268 | D:4      | Found a sand-covered staircase.
  3273 | Ossuary  | Entered an ossuary
  3291 | Ossuary  | Reached skill level 5 in Armour
  3441 | Ossuary  | Reached XP level 7. HP: 57/57 MP: 6/6
  3567 | Ossuary  | Reached skill level 8 in Axes
  3937 | Ossuary  | Reached **** piety under Trog
  3937 | Ossuary  | Reached XP level 8. HP: 47/64 MP: 7/7
  3943 | Ossuary  | Reached skill level 9 in Axes
  4593 | D:4      | Reached skill level 5 in Shields
  4700 | D:4      | Lost intelligence.
  5412 | D:4      | Found a hazy altar of Hepliaklqana.
  5917 | D:5      | Entered Level 5 of the Dungeon
  5940 | D:5      | Found a glowing golden altar of the Shining One.
  6158 | D:5      | Found a staircase to the Ecumenical Temple.
  6179 | D:5      | Reached skill level 10 in Axes
  6297 | D:5      | Found Coffaoz's Commerce Corner.
  6451 | D:5      | Found a stormy altar of Qazlal.
  6591 | Temple   | Entered the Ecumenical Temple
  6942 | D:6      | Noticed a hippogriff
  7232 | D:6      | Found a shimmering blue altar of Sif Muna.
  7485 | D:6      | Reached XP level 9. HP: 58/70 MP: 8/8
  7779 | D:6      | Found a sparkling altar of Nemelex Xobeh.
  8177 | D:6      | Reached skill level 11 in Axes
  8397 | D:7      | Reached ***** piety under Trog
  9690 | D:8      | Reached skill level 12 in Axes
  9710 | D:8      | Reached skill level 5 in Fighting
  9710 | D:8      | Reached XP level 10. HP: 74/81 MP: 9/9
 10212 | D:8      | Identified 3 scrolls of acquirement
 10212 | D:8      | Acquired a +7 broad axe of electrocution
 10313 | D:8      | Found a staircase to the Lair.
 10510 | D:8      | Acquired a manual of Axes
 10512 | D:8      | Acquired a +1 war axe of flaming
 10513 | D:8      | Upgraded the game from 0.26-a0-259-g1effd001a9 to
                  | 0.26-a0-812-g31a745ddcd
 10559 | D:8      | Received a gift from Trog
 11053 | D:9      | Noticed a two-headed ogre
 11116 | D:9      | Killed a two-headed ogre
 11116 | D:9      | Reached skill level 13 in Axes
 11116 | D:9      | Reached skill level 10 in Armour
 11303 | D:9      | Found an opulent altar of Gozag.
 11776 | Lair:1   | Entered Level 1 of the Lair of Beasts
 11803 | Lair:1   | Noticed a four-headed hydra
 11813 | Lair:1   | Killed an eight-headed hydra
 12044 | D:10     | Entered Level 10 of the Dungeon
 12226 | D:10     | Gained mutation: Your body sometimes deteriorates upon
                  | taking damage. [potion of mutation]
 12226 | D:10     | Gained mutation: You expend magic power (3 MP) to
                  | strengthen your wands. [potion of mutation]
 12226 | D:10     | Gained mutation: Your magical capacity is low. (-10% MP)
                  | [potion of mutation]
 12226 | D:10     | Gained mutation: Your flesh is cold resistant. (rC+)
                  | [potion of mutation]
 12444 | D:10     | Noticed Grum
 12450 | D:10     | Reached XP level 11. HP: 91/92 MP: 8/8
 12453 | D:10     | Killed Grum
 12520 | D:10     | Found a huge runed translucent gate.
 12520 | D:10     | Found a huge runed translucent gate.
 12520 | D:10     | Found a huge runed translucent gate.
 12520 | D:10     | Found a huge runed translucent gate.
 12535 | D:10     | Reached skill level 10 in Shields
 12789 | D:10     | Reached skill level 14 in Axes
 12857 | D:10     | Noticed Urug
 12877 | D:10     | Killed Urug
 13198 | D:10     | Reached skill level 15 in Axes
 13299 | D:10     | Received a gift from Trog
 13306 | D:10     | Got a steaming battleaxe {god gift}
 13313 | D:10     | Identified the +5 battleaxe "Uqiwn" {flame, rN+} (Trog
                  | gifted it to you on level 10 of the Dungeon)
 14074 | Lair:1   | Reached XP level 12. HP: 99/106 MP: 9/9
 14322 | Lair:1   | Noticed a six-headed hydra
 14329 | Lair:1   | Killed a three-headed hydra
 14791 | Lair:2   | Noticed a seven-headed hydra
 14798 | Lair:2   | Killed a four-headed hydra
 14901 | Lair:2   | Reached skill level 10 in Fighting
 14902 | Lair:2   | You fall into a shaft and drop 2 floors!
 14902 | Lair:4   | Noticed a seven-headed hydra
 14907 | Lair:4   | Killed a three-headed hydra
 14907 | Lair:4   | Reached skill level 16 in Axes
 14921 | Lair:4   | HP: 4/106 [wolf (4)]
 14923 | Lair:4   | Slain by a wolf

Illustrated notes

Levels and vault maps discovered:
D:1:      nagdon_arrival_double_spiral, layout_rooms, minmay_stone_trees_small
D:2:      layout_basic, lemuel_coloured_pillars_altar
D:3:      layout_loops_cross, xom_teletrap_fun, lemuel_crystal_altar,
          lemuel_round_altar, bh_chokoban, uniq_grinder
D:4:      layout_cave_pods, lemuel_crystal_altar, nicolae_ossuary_entry_plus
D:5:      layout_basic, grunt_qazlal_clouds, overflow_temple_1_default,
          minmay_temple_entry_stoned_glass, first_ration,
          hangedman_decor_lopped, nicolae_alphabet_shops, amethyst_killhole
D:6:      layout_basic, kennysheep_mini, nemelex_xobeh_ov_fountains_minmay,
          minivault_10
D:7:      layout_basic, grunt_ogre_cave
D:8:      layout_basic, minmay_lair_entry_grove, due_unseen_surprise
D:9:      layout_loops_ring, kennysheep_little_box
D:10:     lemuel_bear_cage, layout_basic, corner_web_ring,
          minmay_misc_feat_ornament, uniq_grum, uniq_urug
Temple:   hc_temple_tempest_star
Lair:1:   layout_gridlike
Lair:2:   layout_gridlike, palyth_hydra_swamp_entry,
          nicolae_spider_entry_orb_guardian, nicolae_volcano_entry_batcave,
          minmay_holes, nicolae_quartered_pool_medium,
          small_statue_intersection, patterned_corridor, lemuel_fruit_tree
Lair:4:   layout_misc_corridors, grunt_forest_large_clearings,
          grunt_megastairs_4, infiniplex_staircase_pool_2,
          minmay_lair_oklob_chamber, serial_bayou_shore_b, uniq_nergalle

Skill      XL: |  1  2  3  4  5  6  7  8  9 10 11 12 |
---------------+-------------------------------------+-----
Axes           | 4 5 6 7 8 10 12 13 15 16 | 16.0
Armour         | 3 4 5 6 7 9 10 11 12 | 12.3
Shields        | 2 3 4 6 8 9 11 | 11.8
Fighting       | 5 7 9 10 | 10.2
Dodging        | |  2.1

Action                   |  1- 3 |  4- 6 |  7- 9 | 10-12 || total
-------------------------+-------+-------+-------+-------++-------
Melee: Hand axe          |    61 |   148 |   439 |    20 ||   668
       Headbutt          |     6 |    22 |   112 |    71 ||   211
       Falchion          |       |     3 |       |       ||     3
       Broad axe         |       |       |       |   239 ||   239
       Battleaxe         |       |       |       |    92 ||    92
Invok: Berserk           |       |     3 |     6 |     6 ||    15
Evoke: Wand              |       |       |       |     1 ||     1
  Use: Scroll            |       |     2 |    11 |    17 ||    30
       Potion            |       |       |       |     5 ||     5
  Eat: Removed food      |     1 |     2 |     5 |     1 ||     9
Armor: Animal skin       |     5 |       |       |       ||     5
       Leather armour    |     9 |     6 |       |       ||    15
       Scale mail        |       |    37 |    51 |       ||    88
       Chain mail        |       |       |    51 |   127 ||   178
Dodge: Dodged            |    48 |    65 |   111 |    93 ||   317
Block: Kite shield       |       |    51 |   204 |   207 ||   462
       Reflection        |       |       |     4 |    10 ||    14
       Other             |       |       |       |    29 ||    29

Table legend: (Time is in decaauts)
 A = Elapsed time spent in this place.
 B = Non-inter-level travel time spent in this place.
 C = Inter-level travel time spent in this place.
 D = Time resting spent in this place.
 E = Time spent auto-exploring this place.
 F = Levels seen in this place.
 G = Mean time per level.
                   A        B        C        D        E       F      G
               +--------+--------+--------+--------+--------+-----+--------+
         Total |  15181 |  14258 |    923 |   4972 |   5922 |  15 | 1012.1 |
       Dungeon |  12436 |  11562 |    874 |   3692 |   5169 |  10 | 1243.6 |
        Temple |    353 |    330 |     23 |      0 |    328 |   1 |  353.0 |
          Lair |   1209 |   1183 |     26 |    515 |    410 |   3 |  403.0 |
       Ossuary |   1181 |   1181 |      0 |    764 |     14 |   1 | 1181.0 |
               +--------+--------+--------+--------+--------+-----+--------+

Top non-repeatable levels by time:
    D:10: 1479 daAuts
  Lair:1: 1072 daAuts
     D:9: 952 daAuts
     D:8: 756 daAuts
  Lair:2: 119 daAuts
     D:7: 74 daAuts
  Lair:4: 17 daAuts
Note: time per level data comes from an upgraded game and may be incomplete.
